 Dungeon Crawl Stone Soup version 0.23.2-1-ga50397a (webtiles) character file.

Game seed: 9710453109793973626

98 diana the Twirler (level 4, 0/33 HPs)
             Began as a Demonspawn Gladiator on May 21, 2019.
             Slain by an orc
             ... wielding a +0 flail
              (3 damage)
             ... on level 3 of the Dungeon.
             The game lasted 00:01:49 (936 turns).

diana the Twirler (Demonspawn Gladiator)             Turns: 936, Time: 00:01:50

Health: 0/33       AC:  4    Str: 13 (15) XL:     4   Next: 43%
Magic:  4/4        EV: 12    Int:  7 (9)  God:
Gold:   22         SH:  0    Dex: 13 (15) Spells: 3/3 levels left

rFire    + . .     SeeInvis .   a - +0 quarterstaff
rCold    . . .     Gourm    .   (shield currently unavailable)
rNeg     . . .     Faith    .   b - +0 leather armour
rPois    .         Spirit   .   c - +0 helmet
rElec    .         Reflect  .   (no cloak)
rCorr    .         Harm     .   (no gloves)
MR       .....                  (no boots)
Stlth    +.........             (no amulet)
HPRegen  0.11/turn              (no ring)
MPRegen  0.09/turn              (no ring)

@: very slow
A: talons 1, fire resistance 1
a: no special abilities


You were on level 3 of the Dungeon.
You were not hungry.

You visited 1 branch of the dungeon, and saw 4 of its levels.

You collected 22 gold pieces.

Inventory:

Hand Weapons
 a - a +0 quarterstaff (weapon)
Missiles
 d - a throwing net (quivered)
Armour
 b - a +0 leather armour (worn)
 c - a +0 helmet (worn)
Wands
 g - a wand of polymorph (3)
Comestibles
 f - 3 rations


   Skills:
 - Level 2.0 Fighting
 + Level 3.9 Staves
 - Level 1.7 Throwing
 + Level 2.5 Armour
 - Level 2.6 Dodging


You had 3 spell levels left.
You didn't know any spells.
Your spell library was empty.

Dungeon Overview and Level Annotations

Branches:
Dungeon (4/15)
 Temple: D:4-7

Altars:

Annotations:
D:4 Grinder, Sigmund


Innate Abilities, Weirdness & Mutations

You have sharp toenails.
Your flesh is heat resistant. (rF+)


Message History

Press: ? - help, Shift-Dir - straight line, f/p - shadow imp
Aim: a shadow imp (moderately wounded)
You throw a throwing net. The throwing net hits the shadow imp.
The shadow imp is caught in the net!
The shadow imp is moderately wounded.
The shadow imp struggles against the net.
The orc struggles against the net.
You enter the shallow water.
Moving in this stuff is going to be slow.
The shadow imp struggles against the net.
The orc struggles against the net.
The shadow imp struggles against the net.
The shadow imp struggles against the net.
The shadow imp struggles against the net.
The net rips apart, and the shadow imp comes free!
Found 7 gold pieces.
You enter the shallow water.
Moving in this stuff is going to be slow.
The orc hits you with a +0 flail.
You die...

#..≈≈≈≈≈≈≈≈≈≈≈≈# ...
#.≈.≈≈≈≈≈≈≈≈≈≈.######....
#...≈≈≈.≈≈≈≈≈..#(†.......
#...≈≈≈♣_.≈≈≈.≈o.........
###.≈.≈≈≈♣.≈≈≈≈.5#.o....)..
....≈≈≈≈≈≈≈≈≈≈≈≈≈#r........
......≈≈≈≈≈≈≈≈≈.≈.w........
......≈≈≈≈≈≈≈≈≈≈o#######.##
#..........≈....@# ..
#.##......≈.≈≈≈.≈.# . #.#
#.##.##....##.# #.#
#..........# .# #.#
###...##... ..
#@######>.....# ...
#.....@..####.# ..$
######.#.# #... #.#.#


You could see a shadow imp, 3 orcs and a quokka.

Vanquished Creatures
  An orc priest (D:3)
  Terence (D:3)
  An adder (D:2)
  A leopard gecko (D:3)
  3 bats (D:1)
  2 giant cockroaches (D:1)
  5 goblins (D:1)
  2 hobgoblins (D:1)
  3 jackals (D:1)
  5 kobolds
  A quokka (D:3)
  4 frilled lizards (D:1)
  4 rats (D:1)
33 creatures vanquished.

Notes
Turn   | Place    | Note
-------+----------+-------------------------------------------
     0 | D:1      | diana the Demonspawn Gladiator began the quest for the Orb.
     0 | D:1      | Reached XP level 1. HP: 16/16 MP: 1/1
   216 | D:1      | Reached skill level 3 in Staves
   216 | D:1      | Gained mutation: You have sharp toenails. [demonic
                  | ancestry]
   216 | D:1      | Reached XP level 2. HP: 22/22 MP: 2/2
   237 | D:1      | Reached skill level 1 in Armour
   701 | D:1      | Gained mutation: Your flesh is heat resistant. (rF+)
                  | [demonic ancestry]
   701 | D:1      | Reached XP level 3. HP: 22/27 MP: 3/3
   808 | D:2      | You fall through a shaft for 2 floors!
   824 | D:4      | Noticed Sigmund
   824 | D:4      | Noticed Grinder
   850 | D:3      | Noticed Terence
   869 | D:3      | Found a faded altar of an unknown god.
   906 | D:3      | Killed Terence
   916 | D:3      | Reached XP level 4. HP: 32/33 MP: 4/4
   936 | D:3      | Slain by an orc

Skill      XL: |  1  2  3 |
---------------+----------+-----
Staves         | 3 |  3.9
Armour         | 1 2 |  2.5
Fighting       | |  2.0
Throwing       | |  1.7
Dodging        | |  2.6

Action                   |  1- 3 |  4- 6 || total
-------------------------+-------+-------++-------
Melee: Quarterstaff      |    68 |     8 ||    76
       Kick              |     8 |     2 ||    10
       Unarmed           |    15 |       ||    15
Throw: Throwing net      |       |     2 ||     2
  Use: Potion            |       |     1 ||     1
Armor: Leather armour    |    22 |     2 ||    24
Dodge: Dodged            |    69 |    16 ||    85
